Map: Data-C

Players

Wugi

  • Race: Terran Terran
  • League: Diamond
  • Spawn Location: 9:00

Metamyth - Winner!

  • Race: Zerg Zerg
  • League: Diamond
  • Spawn Location: 3:00

VOD

Have the link to the VOD?

Description

Time

  • Played on: Jan. 11, 2023, 1:37 a.m.
  • Length: 14:15
Show
View Real Time Build Order
Export as new Build Order

Wugi Terran 

Build Orders: Reaper Expand 

Get SALT Encoding   

  12  0:00  SCV  
  13  0:12  SCV  
  14  0:17  Supply Depot  
  14  0:25  SCV  
  15  0:39  SCV  
  15  0:40  Barracks  
  16  0:45  Refinery  
  16  0:53  SCV  
  17  1:05  SCV  
  18  1:17  SCV  
  19  1:28  Reaper  
  19  1:29  Orbital Command  
  20  1:43  Command Center  
  20  1:53  Barracks  
  20  1:57  SCV  
  21  2:03  Marine  
  22  2:11  SCV, Supply Depot  
  23  2:20  Factory  
  23  2:29  Barracks Reactor  
  23  2:32  SCV  
  23  2:33  Refinery  
  24  2:42  Barracks Tech Lab  
  24  2:44  SCV  
  24  2:59  Bunker, Orbital Command  
  24  3:00  SCV  
  25  3:06  Marine x3  
  28  3:15  Starport  
  28  3:17  Factory Reactor  
  28  3:24  SCV x2  
  30  3:27  Marine x2  
  30  3:30  Marine  
  33  3:36  Stimpack  
  33  3:37  SCV  
  33  3:39  SCV  
  35  3:47  Marine x2  
  35  3:48  Marine  
  38  3:56  SCV x2  
  40  4:03  Widow Mine  
  40  4:04  Supply Depot  
  40  4:08  Marine x3  
  45  4:10  SCV  
  45  4:16  Supply Depot  
  46  4:20  Supply Depot  
  46  4:24  Factory Tech Lab  
  46  4:25  Medivac x2  
  46  4:26  SCV, Marine x3  
  54  4:38  SCV  
  55  4:41  SCV  
  56  4:49  Command Center  
  56  4:51  Siege Tank  
  56  4:52  SCV  
  60  4:53  SCV  
  60  4:56  Supply Depot  
  60  4:58  Supply Depot  
  61  5:10  Marine  
  61  5:11  Marine x2  
  61  5:12  SCV x2  
  66  5:15  Medivac  
  66  5:16  Viking  
  66  5:20  Refinery  
  70  5:24  SCV x2  
  70  5:25  Refinery  
  70  5:28  Supply Depot  
  72  5:31  Marine, Supply Depot  
  72  5:33  Marine x2  
  75  5:40  Siege Tank  
  75  5:42  SCV x2  
  80  5:58  Marine  
  80  5:59  Combat Shield, Marine x2  
  80  6:00  SCV  
  80  6:01  SCV  
  80  6:03  Supply Depot  
  85  6:05  Orbital Command  
  85  6:07  Supply Depot  
  78  6:20  Marine x3  
  78  6:21  Siege Tank  
  78  6:22  Medivac  
  73  6:33  SCV x3  
  73  6:36  Engineering Bay  
  73  6:37  Engineering Bay  
  76  6:41  Barracks  
  76  6:43  Barracks  
  76  6:45  Orbital Command  
  76  6:52  SCV  
  76  6:53  SCV, Marine x3  
  81  6:55  Siege Tank  
  81  6:59  Barracks  
  84  7:03  Terran Infantry Weapons Level 1, Terran Infantry Armor Level 1  
  84  7:08  Liberator  
  84  7:11  SCV x3  
  84  7:15  Liberator, Marine x2  
  93  7:16  Marine  
  96  7:26  SCV  
  96  7:27  SCV x2  
  99  7:30  Supply Depot  
  99  7:32  Supply Depot  
  99  7:33  Marine  
  99  7:36  Barracks Reactor x2  
  100  7:37  Marine x2  
  100  7:40  SCV x3  
  100  7:41  Armory  
  100  7:42  Missile Turret  
  105  7:46  Missile Turret x2  
  105  7:50  Barracks Reactor  
  105  7:54  Factory  
  105  7:57  Marine x3, Supply Depot  
  105  7:58  Supply Depot  
  108  8:00  Siege Tank  
  111  8:08  SCV x3  
  114  8:12  Supply Depot  
  114  8:14  Supply Depot  
  114  8:15  Marine x4  
  114  8:16  Marine x2, Supply Depot  
  114  8:17  Marine  
  121  8:22  SCV x2  
  121  8:23  SCV, Bunker  
  124  8:34  SCV  
  124  8:38  Marine x8  
  124  8:39  Drilling Claws, Siege Tank  
  124  8:40  Factory Tech Lab  
  124  8:41  Marine  
  136  8:43  SCV x2  
  136  8:48  Supply Depot  
  139  8:53  Refinery  
  139  8:55  Marine  
  139  9:01  Command Center  
  139  9:02  Marine x4  
  141  9:03  Marine x3  
  141  9:05  Marine, Widow Mine  
  150  9:15  Widow Mine  
  150  9:16  Terran Infantry Weapons Level 2  
  150  9:17  Terran Infantry Armor Level 2  
  152  9:18  Terran Vehicle Weapons Level 1  
  152  9:30  Marine  
  152  9:31  Marine x3, Siege Tank  
  156  9:32  Marine x3  
  156  9:33  Marine x2  
  164  9:42  Widow Mine  
  160  9:55  Barracks x3  
  160  9:57  Marine  
  160  9:58  Marine x6  
  167  10:00  Factory  
  167  10:02  Ghost Academy  
  171  10:08  Thor x2  
  171  10:12  Medivac x2  
  183  10:16  Refinery  
  183  10:21  Marine  
  183  10:22  Marine x6  
  185  10:44  Barracks Reactor, Barracks Tech Lab x2  
  185  10:45  Factory Tech Lab  
  185  10:47  Personal Cloaking  
  178  10:50  Ghost Academy x2  
  178  10:57  Marine x9  
  150  10:58  Widow Mine x2  
  161  11:14  Terran Vehicle Weapons Level 2  
  161  11:17  Ghost Academy  
  161  11:21  Medivac x2  
  165  11:30  Widow Mine  
  165  11:31  Widow Mine x2  
  171  11:41  Nuke  
  171  11:48  Planetary Fortress  
  155  11:57  Marine x2  
  155  11:58  Marine x2  
  155  11:59  Marine x3, Missile Turret  
  155  12:00  Marine x4  
  155  12:01  Widow Mine x2, Refinery  
  109  12:05  Orbital Command  
  109  12:06  Marine x2  
  103  12:12  Medivac x2, Orbital Command  
  103  12:13  Nuke  
  103  12:15  Marine x2  
  103  12:16  Marine x3  
  103  12:17  Marine x2  
  103  12:19  Marine x2  
  103  12:20  Marine  
  107  12:32  Marine x2  
  109  12:38  SCV x4  
  113  12:46  Bunker  
  113  12:50  Marine x3  
  113  12:51  Widow Mine  
  118  12:52  Widow Mine  
  120  13:04  SCV x3  
  120  13:05  SCV  
  123  13:14  Nuke  
  123  13:15  Ghost x2  
  123  13:16  SCV x3  
  123  13:17  Marine x3  
  133  13:34  Refinery x2  
  133  13:36  Refinery x2  
  133  13:45  Marine x4  
  133  13:46  Marine x2  
  133  13:47  SCV, Widow Mine x2  
  133  13:48  SCV x3  
Show
View Real Time Build Order
Export as new Build Order

Metamyth Zerg - Winner!

Build Orders: Hatch First 

Get SALT Encoding   

  12  0:00  Drone  
  13  0:14  Overlord  
  13  0:17  Drone  
  14  0:33  Drone x2  
  16  0:49  Hatchery  
  15  0:52  Drone  
  15  0:55  Drone  
  17  0:59  Drone  
  18  1:09  Extractor  
  17  1:14  Spawning Pool  
  17  1:17  Drone  
  17  1:20  Drone  
  18  1:30  Drone  
  19  1:41  Drone  
  20  1:51  Overlord  
  20  2:01  Queen  
  20  2:02  Zergling x4, Queen  
  26  2:19  Hatchery  
  25  2:24  Metabolic Boost  
  25  2:28  Drone  
  26  2:32  Drone  
  26  2:35  Drone  
  28  2:48  Drone  
  28  2:49  Drone, Overlord  
  30  2:51  Drone  
  30  2:52  Drone  
  30  2:57  Drone  
  33  2:59  Drone  
  34  3:07  Drone, Queen  
  34  3:12  Drone  
  38  3:16  Overlord  
  38  3:20  Drone x3  
  38  3:24  Drone  
  42  3:27  Drone  
  42  3:31  Overlord  
  42  3:33  Queen  
  45  3:35  Drone  
  45  3:38  Drone  
  47  3:43  Zergling x2  
  47  3:48  Queen  
  50  3:51  Zergling x2  
  50  3:54  Zergling x8  
  55  3:56  Drone x2  
  57  4:05  Roach Warren, Overlord, Drone  
  57  4:07  Drone  
  57  4:08  Drone  
  59  4:10  Drone  
  59  4:13  Queen  
  59  4:15  Drone  
  63  4:26  Spore Crawler  
  63  4:29  Spore Crawler  
  63  4:30  Spore Crawler, Drone x2  
  63  4:31  Drone x4  
  66  4:39  Overlord x2  
  66  4:42  Baneling Nest  
  65  4:45  Lair  
  65  4:56  Zergling x2  
  65  4:57  Queen x2  
  65  4:58  Overlord  
  70  5:03  Drone  
  70  5:04  Evolution Chamber, Drone  
  70  5:05  Evolution Chamber, Drone  
  70  5:06  Drone  
  72  5:14  Zergling x2  
  72  5:15  Zergling x10  
  77  5:24  Zergling x16  
  85  5:38  Zerg Melee Weapons Level 1  
  85  5:39  Extractor  
  85  5:40  Hatchery  
  83  5:43  Drone  
  83  5:44  Drone x5  
  83  5:46  Extractor  
  83  5:48  Extractor  
  87  5:53  Drone  
  87  5:54  Drone  
  87  5:55  Overlord x3  
  89  6:04  Overlord  
  89  6:05  Overlord x2  
  88  6:24  Drone  
  88  6:25  Drone x10  
  95  6:30  Zerg Ground Armor Level 1  
  95  6:31  Drone x4  
  98  6:43  Drone x3  
  101  6:49  Overlord x3  
  101  6:55  Drone x3  
  101  6:56  Drone  
  101  6:57  Queen  
  101  6:59  Centrifugal Hooks  
  107  7:02  Drone  
  107  7:03  Drone x2  
  107  7:06  Overlord x3  
  110  7:09  Drone x4  
  110  7:14  Drone  
  110  7:15  Extractor x2, Drone x2  
  116  7:20  Hatchery  
  114  7:23  Extractor, Drone x2  
  114  7:24  Extractor  
  114  7:29  Baneling x7  
  114  7:30  Baneling x4  
  114  7:36  Spore Crawler  
  113  7:39  Zergling x2  
  113  7:40  Zergling x12  
  120  7:49  Zerg Melee Weapons Level 2  
  120  7:51  Zergling x18  
  121  7:52  Spire  
  128  7:59  Drone x3, Overlord  
  128  8:01  Drone  
  128  8:02  Drone  
  128  8:05  Drone  
  134  8:13  Zergling x2  
  134  8:14  Zergling x8  
  134  8:15  Infestation Pit  
  138  8:22  Spine Crawler  
  138  8:23  Drone  
  138  8:24  Drone x4  
  138  8:26  Baneling x2  
  138  8:27  Baneling x3  
  142  8:28  Zergling x6  
  142  8:29  Zergling x6, Zerg Ground Armor Level 2  
  148  8:44  Zergling x2  
  148  8:45  Zergling x16  
  154  9:04  Hatchery  
  154  9:05  Mutalisk  
  154  9:06  Mutalisk x9  
  173  9:11  Hatchery  
  158  9:32  Mutalisk x5  
  168  9:41  Zergling x12  
  168  9:42  Zergling x30  
  168  9:45  Hive  
  189  9:48  Overseer  
  189  9:50  Pneumatized Carapace  
  189  9:52  Zerg Flyer Weapons Level 1  
  189  10:00  Zergling x2  
  189  10:01  Zergling x14  
  197  10:18  Mutalisk  
  199  10:30  Baneling  
  199  10:31  Baneling x18  
  165  11:00  Zergling x2  
  165  11:01  Zergling x52  
  165  11:02  Zergling x2  
  179  11:04  Queen  
  179  11:08  Zerg Melee Weapons Level 3, Zerg Ground Armor Level 3  
  179  11:10  Adrenal Glands  
  181  11:16  Ultralisk Cavern, Zergling x2  
  181  11:17  Zergling x20  
  191  11:37  Zergling x2  
  191  11:38  Zergling x16  
  148  12:02  Mutalisk x4  
  148  12:06  Ultralisk x4  
  157  12:21  Extractor  
  144  12:22  Extractor  
  144  12:24  Ultralisk  
  144  12:25  Ultralisk  
  144  12:26  Zergling x8  
  144  12:27  Zergling x30  
  174  12:33  Overseer x3  
  174  12:36  Baneling x6  
  172  13:05  Zergling x2  
  158  13:06  Zergling x40  
  178  13:18  Baneling  
  178  13:19  Baneling x13  
  178  13:20  Zergling x2  
  178  13:21  Zergling x12  
  184  13:56  Zergling x2  
  184  13:57  Zergling x28  
Tags
 
Add a new tag
Caveats
  • Supply blocks, unpowered buildings, or Contaminate may cause inaccurate times.
  • Supply counts are checked every 10 seconds.